Rampage vs Reign

Created - Thursday, January 21, 2016 at 01:09

Goals
1 2 3 OT1 SO T
Rampage 0 0 1 0 1 1
Reign 0 0 1 0 2 2
Shots
1 2 3 OT1 SO T
Rampage 9 4 13 2 7 28
Reign 8 10 14 2 7 34

1st period

No Goal

Penalties :
Taylor Doherty (ONT) for Fighting (Major) at 16:01, Christian Thomas (SAN) for Fighting (Major) at 16:01, Matthew Corrente (SAN) for Roughing (Minor) at 16:38

2nd period

No Goal

Penalties :
No Penalty

3rd period

1. Rampage , Ladislav Smid 2 (Taylor Beck, Michal Rozsival) at 0:52 (SH)
2. Reign , William Karlsson 4 (Joe Morrow, Justin Falk) at 1:21 (PP)

Penalties :
Luke Gazdic (ONT) for Fighting (Major) at 0:09, Christian Thomas (SAN) for Fighting (Major) at 0:09, Tom Kostopoulos (ONT) for Fighting (Major) at 0:26, Brett Hextall (SAN) for Fighting (Major) at 0:26, Brett Hextall (SAN) for instigated a fight (Minor) at 0:26, Brett Hextall (SAN) for instigated a fight (10 Minutes Misconduct) at 0:26, Davis Drewiske (ONT) for Fighting (Major) at 2:54, Keaton Ellerby (SAN) for Fighting (Major) at 2:54, Connor Brickley (SAN) for Slashing (Minor) at 13:00, Ladislav Smid (SAN) for Slashing (Minor) at 18:25

Overtime #1

No Goal

Penalties :
No Penalty

Shootout

Penalty Shot by Daniel Briere for Rampage - Stopped by Troy Grosenick
Penalty Shot by William Karlsson for Reign - Stopped by Pheonix Copley
Penalty Shot by Taylor Beck for Rampage - Stopped by Troy Grosenick
Penalty Shot by Tom Kostopoulos for Reign - Stopped by Pheonix Copley
Penalty Shot by Christian Thomas for Rampage - Stopped by Troy Grosenick
Penalty Shot by Luke Gazdic for Reign - Stopped by Pheonix Copley
Penalty Shot by Bryan Rust for Rampage - Stopped by Troy Grosenick
Penalty Shot by Jason Jaffray for Reign - Stopped by Pheonix Copley
Penalty Shot by Liam O'Brien for Rampage - Shot Misses the Net
Penalty Shot by Brian McGrattan for Reign - Stopped by Pheonix Copley
Penalty Shot by Connor Brickley for Rampage - Goal!
Penalty Shot by Brett Olson for Reign - Goal!
Penalty Shot by Jordan Szwarz for Rampage - Stopped by Troy Grosenick
Penalty Shot by C.J. Stretch for Reign - Goal!

Penalties :
No Penalty

Goalie Stats

Pheonix Copley (SAN), 33 saves from 34 shots - (0.971), OTL, 23-3-5, 65:00 minutes
Troy Grosenick (ONT), 27 saves from 28 shots - (0.964), W, 20-11-15, 65:00 minutes

Players Stats for Rampage

Player Name              G  A  P  +/- PIM S  H  SB GA TA FO     MP     PP MP  PK MP  
------------------------------------------------------------------------------------
Andrew Cherniwchan       0  0  0   0  0   1  0  1  1  0  3/7    12:58   0:00   0:40 
Benn Ferriero            0  0  0   0  0   0  0  0  0  1  0/0    11:27   0:00   0:00 
Brett Hextall            0  0  0   0  17  0  2  0  0  1  0/0    11:24   0:00   0:00 
Bryan Rust               0  0  0   0  0   3  1  0  1  0  0/1    19:28   0:00   2:09 
Christian Thomas         0  0  0   0  10  3  0  1  2  0  0/0    14:14   0:00   0:00 
Connor Brickley          0  0  0   0  2   1  1  1  1  1  2/5    14:54   0:00   0:00 
Daniel Briere            0  0  0   1  0   5  0  1  7  0  8/14   22:49   0:00   3:38 
Joe Faust                0  0  0   0  0   0  0  0  0  0  0/0     0:00   0:00   0:00 
Joel Chouinard           0  0  0   0  0   0  1  0  1  2  0/0    18:16   0:00   1:12 
Jordan Szwarz            0  0  0   0  0   0  0  0  0  0  0/1    18:38   0:00   1:33 
Keaton Ellerby           0  0  0   0  5   2  1  5  0  5  0/0    20:19   0:00   2:44 
Ladislav Smid            1  0  1   1  2   3  1  4  0  3  0/0    27:03   0:00   3:20 
Liam O'Brien             0  0  0   0  0   1  0  0  1  2  0/2    18:22   0:00   0:49 
Matthew Corrente         0  0  0   0  2   0  1  1  0  2  0/0    21:50   0:00   2:20 
Michal Rozsival          0  1  1   1  0   5  2  2  0  1  0/0    27:04   0:00   4:08 
Tanner Richard           0  0  0   0  0   1  2  0  0  0  3/9    14:47   0:00   1:22 
Taylor Beck              0  1  1   1  0   2  3  0  2  1  0/0    22:20   0:00   3:08 
Tomas Kundratek          0  0  0   0  0   1  3  0  0  4  0/0    17:08   0:00   0:00 

Players Stats for Reign

Player Name              G  A  P  +/- PIM S  H  SB GA TA FO     MP     PP MP  PK MP  
------------------------------------------------------------------------------------
Brett Olson              0  0  0   0  0   0  1  0  0  0  1/7    17:43   2:27   0:00 
Brian McGrattan          0  0  0   0  0   4  3  2  2  2  0/0    18:27   2:27   0:00 
C.J. Stretch             0  0  0   0  0   1  0  0  3  0  6/8    15:34   0:00   0:00 
Cody Beach               0  0  0   0  0   1  3  0  1  0  1/1    14:09   0:00   0:00 
Davis Drewiske           0  0  0   0  5   1  0  1  0  0  0/0    15:25   0:33   0:00 
Derek Forbort            0  0  0   0  0   1  0  3  1  1  0/0    21:45   3:18   0:00 
Jared Knight             0  0  0   0  0   1  1  0  2  0  0/0     9:19   0:00   0:00 
Jason Jaffray            0  0  0   0  0   0  2  0  6  0  0/0    20:14   2:27   0:00 
Joe Morrow               0  1  1  -1  0   7  2  2  4  2  0/0    26:11   3:09   0:00 
Justin Falk              0  1  1  -1  0   5  2  1  3  2  0/0    28:12   2:36   0:00 
Luke Gazdic              0  0  0   0  5   3  0  0  4  0  0/0    16:06   3:05   0:00 
Matej Stransky           0  0  0  -1  0   1  2  0  2  0  1/1    17:51   0:55   0:00 
Mathieu Tousignant       0  0  0  -1  0   0  0  0  0  0  0/0    10:22   2:15   0:00 
Nathan Paetsch           0  0  0   0  0   1  0  1  1  1  0/0    22:14   3:18   0:00 
Taylor Doherty           0  0  0   0  5   3  1  0  0  0  0/0    16:10   0:00   0:00 
Taylor Peters            0  0  0   0  0   1  1  0  0  0  4/5     9:19   0:00   0:00 
Tom Kostopoulos          0  0  0   0  5   2  1  0  0  0  1/2    17:35   3:05   0:00 
William Karlsson         1  0  1  -1  0   2  0  0  5  0  9/15   23:19   2:40   0:00 

3 Stars

1 - Pheonix Copley (SAN)
2 - Troy Grosenick (ONT)
3 - Ladislav Smid (SAN)

Power Play

Rampage - 0 on 1 Attempt(s) - 0.00%
Reign - 1 on 4 Attempt(s) - 25.00%

Penalty Kill

Rampage - 3 on 4 Attempt(s) - 75.00% - Score 1 goal in Penalty Kill
Reign - 1 on 1 Attempt(s) - 100.00% - Score 0 goal in Penalty Kill

Team Stat

Rampage - Hits : 18 - Faceoff Wins : 16 - Blocked Shots : 16 - Penalty Minutes : 38
Reign - Hits : 19 - Faceoff Wins : 23 - Blocked Shots : 10 - Penalty Minutes : 20

Official

Referees : Unknown
Linesman : Unknown

Game Notes

Christian Thomas beats up Taylor Doherty at 16:01 of 1st period
Luke Gazdic and Christian Thomas fight to a draw at 0:09 of 3rd period
Brett Hextall beats up Tom Kostopoulos at 0:26 of 3rd period
Keaton Ellerby beats up Davis Drewiske at 2:54 of 3rd period
12:44 of 3rd period - Penalty Shot by Joe Morrow for Reign - Stopped by Pheonix Copley

Finance

Level 1 -- Attendance: 1362 (68.10%) -- Ticket Income $40,860
Level 2 -- Attendance: 690 (69.00%) -- Ticket Income $8,280
Total Attendance: 2052 (68.40%)
Total Ticket Income: $49,140
Other Income: $24,079
Total Income: $73,219

Rampage

5 vs 5 Forward 
   Center                   Left Wing                Right Wing               Time % Phy DF OF 
 1 Daniel Briere            Taylor Beck              Christian Thomas         35     1   2  2  
 2 Connor Brickley          Bryan Rust               Liam O'Brien             30     1   2  2  
 3 Tanner Richard           Liam O'Brien             Jordan Szwarz            22     1   2  2  
 4 Andrew Cherniwchan       Daniel Briere            Benn Ferriero            13     1   2  2  

5 vs 5 Defense 
   Defense                  Defense                                           Time % Phy DF OF 
 1 Michal Rozsival          Ladislav Smid                                     35     1   2  2  
 2 Keaton Ellerby           Matthew Corrente                                  30     1   2  2  
 3 Tomas Kundratek          Joel Chouinard                                    22     1   2  2  
 4 Michal Rozsival          Ladislav Smid                                     13     1   2  2  

PowerPlay Forward 
   Center                   Left Wing                Right Wing               Time % Phy DF OF 
 1 Daniel Briere            Taylor Beck              Christian Thomas         60     1   2  2  
 2 Connor Brickley          Bryan Rust               Liam O'Brien             40     1   2  2  

PowerPlay Defense
   Defense                  Defense                                           Time % Phy DF OF 
 1 Michal Rozsival          Ladislav Smid                                     60     1   2  2  
 2 Keaton Ellerby           Matthew Corrente                                  40     1   2  2  

Penalty Kill 4 Players Forward 
   Center                   Wing                     Time % Phy DF OF 
 1 Daniel Briere            Taylor Beck              60     1   2  2  
 2 Christian Thomas         Bryan Rust               40     1   2  2  

Penalty Kill 4 Players Defense
   Defense                  Defense                  Time % Phy DF OF 
 1 Michal Rozsival          Ladislav Smid            60     1   2  2  
 2 Keaton Ellerby           Matthew Corrente         40     1   2  2  

Penalty Kill - 3 Players Forward 
   Forward                                           Time % Phy DF OF 
 1 Daniel Briere                                     60     1   2  2  
 2 Taylor Beck                                       40     1   2  2  

Penalty Kill - 3 Players Defense
   Defense                  Defense                  Time % Phy DF OF 
 1 Michal Rozsival          Ladislav Smid            60     1   2  2  
 2 Keaton Ellerby           Matthew Corrente         40     1   2  2  

4 vs 4 Forward 
   Center                   Wing                     Time % Phy DF OF 
 1 Daniel Briere            Taylor Beck              60     1   2  2  
 2 Christian Thomas         Bryan Rust               40     1   2  2  

4 vs 4 Defense
   Defense                  Defense                  Time % Phy DF OF 
 1 Michal Rozsival          Ladislav Smid            60     1   2  2  
 2 Keaton Ellerby           Matthew Corrente         40     1   2  2  

Last Minutes Offensive
   Center                   Left Wing                Right Wing               Defense                  Defense                  
   Daniel Briere            Taylor Beck              Christian Thomas         Michal Rozsival          Ladislav Smid            

Last Minutes Defensive
   Center                   Left Wing                Right Wing               Defense                  Defense                  
   Daniel Briere            Taylor Beck              Christian Thomas         Michal Rozsival          Ladislav Smid            

Goaltenders
Starting : Pheonix Copley           
Backup : FARM GOALIE5             

Extra Forwards
Normal : Brett Hextall, Liam O'Brien, Jordan Szwarz - PP : Brett Hextall, Liam O'Brien - PK : Jordan Szwarz
Extra Defensemen
Normal : Tomas Kundratek, Joel Chouinard, Keaton Ellerby - PP : Tomas Kundratek - PK : Joel Chouinard, Keaton Ellerby
Penalty Shots
Daniel Briere, Taylor Beck, Christian Thomas, Bryan Rust, Liam O'Brien

Reign

5 vs 5 Forward 
   Center                   Left Wing                Right Wing               Time % Phy DF OF 
 1 William Karlsson         Luke Gazdic              Tom Kostopoulos          35     1   2  2  
 2 Brett Olson              Jason Jaffray            Brian McGrattan          30     1   2  2  
 3 C.J. Stretch             Cody Beach               Matej Stransky           22     1   2  2  
 4 Taylor Peters            William Karlsson         Jared Knight             13     1   2  2  

5 vs 5 Defense 
   Defense                  Defense                                           Time % Phy DF OF 
 1 Joe Morrow               Justin Falk                                       35     1   2  2  
 2 Nathan Paetsch           Derek Forbort                                     30     1   2  2  
 3 Davis Drewiske           Taylor Doherty                                    22     1   2  2  
 4 Joe Morrow               Justin Falk                                       13     1   2  2  

PowerPlay Forward 
   Center                   Left Wing                Right Wing               Time % Phy DF OF 
 1 William Karlsson         Luke Gazdic              Tom Kostopoulos          60     1   2  2  
 2 Brett Olson              Jason Jaffray            Brian McGrattan          40     1   2  2  

PowerPlay Defense
   Defense                  Defense                                           Time % Phy DF OF 
 1 Joe Morrow               Justin Falk                                       60     1   2  2  
 2 Nathan Paetsch           Derek Forbort                                     40     1   2  2  

Penalty Kill 4 Players Forward 
   Center                   Wing                     Time % Phy DF OF 
 1 William Karlsson         Tom Kostopoulos          60     1   2  2  
 2 Luke Gazdic              Jason Jaffray            40     1   2  2  

Penalty Kill 4 Players Defense
   Defense                  Defense                  Time % Phy DF OF 
 1 Joe Morrow               Justin Falk              60     1   2  2  
 2 Nathan Paetsch           Derek Forbort            40     1   2  2  

Penalty Kill - 3 Players Forward 
   Forward                                           Time % Phy DF OF 
 1 William Karlsson                                  60     1   2  2  
 2 Tom Kostopoulos                                   40     1   2  2  

Penalty Kill - 3 Players Defense
   Defense                  Defense                  Time % Phy DF OF 
 1 Joe Morrow               Justin Falk              60     1   2  2  
 2 Nathan Paetsch           Derek Forbort            40     1   2  2  

4 vs 4 Forward 
   Center                   Wing                     Time % Phy DF OF 
 1 William Karlsson         Tom Kostopoulos          60     1   2  2  
 2 Luke Gazdic              Jason Jaffray            40     1   2  2  

4 vs 4 Defense
   Defense                  Defense                  Time % Phy DF OF 
 1 Joe Morrow               Justin Falk              60     1   2  2  
 2 Nathan Paetsch           Derek Forbort            40     1   2  2  

Last Minutes Offensive
   Center                   Left Wing                Right Wing               Defense                  Defense                  
   William Karlsson         Luke Gazdic              Tom Kostopoulos          Joe Morrow               Justin Falk              

Last Minutes Defensive
   Center                   Left Wing                Right Wing               Defense                  Defense                  
   William Karlsson         Luke Gazdic              Tom Kostopoulos          Joe Morrow               Justin Falk              

Goaltenders
Starting : Troy Grosenick           
Backup : Anthony Peters           

Extra Forwards
Normal : Mathieu Tousignant, Matej Stransky, C.J. Stretch - PP : Mathieu Tousignant, Matej Stransky - PK : C.J. Stretch
Extra Defensemen
Normal : Davis Drewiske, Taylor Doherty, Nathan Paetsch - PP : Davis Drewiske - PK : Taylor Doherty, Nathan Paetsch
Penalty Shots
William Karlsson, Tom Kostopoulos, Luke Gazdic, Jason Jaffray, Brian McGrattan

% Time on Ice - Rampage

Lines # - Real PCT - Wanted PCT - Time Play
Normal Forward
1 - 30% - 35% - 16:15
2 - 29% - 30% - 15:24
3 - 20% - 22% - 10:27
4 - 21% - 13% - 11:27
Normal Defense
1 - 32% - 35% - 16:53
2 - 35% - 30% - 19:00
3 - 26% - 22% - 13:45
4 - 7% - 13% - 3:55
PP Forward
1 - 0% - 60%
2 - 0% - 40%
PP Defense
1 - 0% - 60%
2 - 0% - 40%
PK Forward
1 - 98% - 60% - 6:18
2 - 2% - 40% - 0:09
PK Defense
1 - 58% - 60% - 3:43
2 - 42% - 40% - 2:44
PK3 Forward
1 - 100% - 60% - 0:25
2 - 0% - 40% - 0:00
PK3 Defense
1 - 100% - 60% - 0:25
2 - 0% - 40% - 0:00
44 Forward
1 - 100% - 60% - 4:35
2 - 0% - 40% - 0:00
44 Defense
1 - 54% - 60% - 2:28
2 - 46% - 40% - 2:07
Last Minute Offensive  - 0:00
Last Minute Defensive  - 0:00
Total
Forward - 65:00
Defense - 65:00

% Time on Ice - Reign

Lines # - Real PCT - Wanted PCT - Time Play
Normal Forward
1 - 28% - 35% - 14:49
2 - 29% - 30% - 15:16
3 - 26% - 22% - 14:09
4 - 17% - 13% - 9:19
Normal Defense
1 - 30% - 35% - 16:12
2 - 30% - 30% - 16:19
3 - 32% - 22% - 17:04
4 - 7% - 13% - 3:58
PP Forward
1 - 62% - 60% - 4:00
2 - 38% - 40% - 2:27
PP Defense
1 - 49% - 60% - 3:09
2 - 51% - 40% - 3:18
PK Forward
1 - 0% - 60%
2 - 0% - 40%
PK Defense
1 - 0% - 60%
2 - 0% - 40%
PK3 Forward
1 - 0% - 60%
2 - 0% - 40%
PK3 Defense
1 - 0% - 60%
2 - 0% - 40%
44 Forward
1 - 78% - 60% - 3:54
2 - 22% - 40% - 1:06
44 Defense
1 - 57% - 60% - 2:52
2 - 43% - 40% - 2:08
Last Minute Offensive  - 0:00
Last Minute Defensive  - 0:00
Total
Forward - 65:00
Defense - 65:00

Play by Play

1st period


0:01 of 1st period - Daniel Briere wins face-off versus Tom Kostopoulos in neutral zone.
1:16 of 1st period - Snap shot by Bryan Rust.
1:16 of 1st period - Stopped by Troy Grosenick with a rebound.
1:41 of 1st period - Snap shot by Daniel Briere.
1:41 of 1st period - Stopped by Troy Grosenick with a rebound.
2:18 of 1st period - Tomas Kundratek is hit by Cody Beach.
2:30 of 1st period - Michal Rozsival is hit by Cody Beach and loses puck.
3:00 of 1st period - Snap shot by Jared Knight.
3:00 of 1st period - Shot Misses the Net.
3:04 of 1st period - Snap shot by William Karlsson.
3:04 of 1st period - Stopped by Pheonix Copley without a rebound.
3:05 of 1st period - Taylor Peters wins face-off versus Connor Brickley in Rampage zone.
3:08 of 1st period - Slapshot by Jared Knight.
3:08 of 1st period - Stopped by Pheonix Copley with a rebound.
3:10 of 1st period - Snap shot by William Karlsson.
3:10 of 1st period - Shot Blocked by Connor Brickley.
3:12 of 1st period - Wrist shot by Taylor Peters.
3:12 of 1st period - Stopped by Pheonix Copley with a rebound.
3:43 of 1st period - Wrist shot by Andrew Cherniwchan.
3:43 of 1st period - Stopped by Troy Grosenick with a rebound.
3:45 of 1st period - Slapshot by Tomas Kundratek.
3:45 of 1st period - Shot Blocked by Davis Drewiske.
3:47 of 1st period - Snap shot by Joel Chouinard.
3:47 of 1st period - Deflect By Daniel Briere.
3:47 of 1st period - Shot Misses the Net.
3:47 of 1st period - Puck is out of play.
3:48 of 1st period - Andrew Cherniwchan wins face-off versus C.J. Stretch in Reign zone.
4:31 of 1st period - Tomas Kundratek is hit by Taylor Peters and loses puck.
5:03 of 1st period - Snap shot by Brian McGrattan.
5:03 of 1st period - Stopped by Pheonix Copley with a rebound.
6:09 of 1st period - Wrist shot by Daniel Briere.
6:09 of 1st period - Shot Misses the Net.
6:11 of 1st period - Snap shot by Ladislav Smid.
6:11 of 1st period - Deflect By Daniel Briere.
6:11 of 1st period - Stopped by Troy Grosenick with a rebound.
6:33 of 1st period - Slapshot by Joe Morrow.
6:33 of 1st period - Shot Blocked by Ladislav Smid.
6:35 of 1st period - Slapshot by Joe Morrow.
6:35 of 1st period - Stopped by Pheonix Copley without a rebound.
6:36 of 1st period - Taylor Peters wins face-off versus Tanner Richard in Rampage zone.
6:47 of 1st period - Slapshot by Joe Morrow.
6:47 of 1st period - Deflect By Jared Knight.
6:47 of 1st period - Shot Misses the Net.
6:47 of 1st period - Puck is out of play.
6:48 of 1st period - C.J. Stretch wins face-off versus Andrew Cherniwchan in Rampage zone.
6:52 of 1st period - Icing by Benn Ferriero.
6:53 of 1st period - C.J. Stretch wins face-off versus Andrew Cherniwchan in Rampage zone.
6:54 of 1st period - Backhand shot by Joe Morrow.
6:54 of 1st period - Stopped by Pheonix Copley with a rebound.
6:56 of 1st period - Slapshot by Justin Falk.
6:56 of 1st period - Shot Blocked by Keaton Ellerby.
6:58 of 1st period - Slapshot by Justin Falk.
6:58 of 1st period - Shot Misses the Net.
7:00 of 1st period - Slapshot by Justin Falk.
7:00 of 1st period - Stopped by Pheonix Copley with a rebound.
7:02 of 1st period - Snap shot by Justin Falk.
7:02 of 1st period - Shot Blocked by Keaton Ellerby.
7:04 of 1st period - Slapshot by Justin Falk.
7:04 of 1st period - Stopped by Pheonix Copley with a rebound.
7:06 of 1st period - Slapshot by Joe Morrow.
7:06 of 1st period - Shot Blocked by Keaton Ellerby.
7:08 of 1st period - Wrist shot by Matej Stransky.
7:08 of 1st period - Shot Blocked by Keaton Ellerby.
7:10 of 1st period - Slapshot by Justin Falk.
7:10 of 1st period - Deflect By Matej Stransky.
7:10 of 1st period - Shot Misses the Net.
7:10 of 1st period - Puck is out of play.
7:11 of 1st period - William Karlsson wins face-off versus Bryan Rust in Rampage zone.
7:12 of 1st period - Snap shot by Luke Gazdic.
7:12 of 1st period - Shot Misses the Net.
7:32 of 1st period - Backhand shot by Liam O'Brien.
7:32 of 1st period - Shot Misses the Net.
7:34 of 1st period - Slapshot by Michal Rozsival.
7:34 of 1st period - Shot Misses the Net.
7:46 of 1st period - Slapshot by Taylor Beck.
7:46 of 1st period - Shot Misses the Net.
8:40 of 1st period - Off-side.
8:41 of 1st period - Matej Stransky wins face-off versus Andrew Cherniwchan in neutral zone.
9:01 of 1st period - Off-side.
9:02 of 1st period - Connor Brickley wins face-off versus Brett Olson in neutral zone.
9:35 of 1st period - Snap shot by Christian Thomas.
9:35 of 1st period - Shot Blocked by Joe Morrow.
9:37 of 1st period - Slapshot by Michal Rozsival.
9:37 of 1st period - Shot Blocked by Brian McGrattan.
9:39 of 1st period - Wrist shot by Taylor Beck.
9:39 of 1st period - Shot Misses the Net.
9:41 of 1st period - Snap shot by Christian Thomas.
9:41 of 1st period - Stopped by Troy Grosenick with a rebound.
9:43 of 1st period - Slapshot by Ladislav Smid.
9:43 of 1st period - Stopped by Troy Grosenick with a rebound.
9:45 of 1st period - Wrist shot by Ladislav Smid.
9:45 of 1st period - Stopped by Troy Grosenick without a rebound.
9:46 of 1st period - C.J. Stretch wins face-off versus Tanner Richard in Reign zone.
10:44 of 1st period - Tom Kostopoulos is hit by Keaton Ellerby and loses puck.
11:33 of 1st period - Justin Falk is hit by Brett Hextall and loses puck.
11:45 of 1st period - Wrist shot by Bryan Rust.
11:45 of 1st period - Stopped by Troy Grosenick with a rebound.
12:34 of 1st period - Snap shot by Benn Ferriero.
12:34 of 1st period - Shot Misses the Net.
12:46 of 1st period - Slapshot by Michal Rozsival.
12:46 of 1st period - Stopped by Troy Grosenick with a rebound.
13:18 of 1st period - Snap shot by Christian Thomas.
13:18 of 1st period - Shot Misses the Net.
14:12 of 1st period - Wrist shot by William Karlsson.
14:12 of 1st period - Shot Blocked by Keaton Ellerby.
14:31 of 1st period - Off-side.
14:32 of 1st period - Andrew Cherniwchan wins face-off versus C.J. Stretch in neutral zone.
14:39 of 1st period - Slapshot by Michal Rozsival.
14:39 of 1st period - Deflect By Benn Ferriero.
14:39 of 1st period - Shot Blocked by Derek Forbort.
14:39 of 1st period - Puck is out of play.
14:40 of 1st period - C.J. Stretch wins face-off versus Andrew Cherniwchan in Reign zone.
15:09 of 1st period - Derek Forbort is hit by Taylor Beck and loses puck.
15:26 of 1st period - Luke Gazdic is hit by Taylor Beck and loses puck.
15:49 of 1st period - Michal Rozsival is hit by Jared Knight and loses puck.
16:01 of 1st period - Christian Thomas beats up Taylor Doherty.
16:01 of 1st period - Penalty to Taylor Doherty for Fighting.
16:01 of 1st period - Penalty to Christian Thomas for Fighting.
16:02 of 1st period - Connor Brickley wins face-off versus Brett Olson in Rampage zone.
16:38 of 1st period - Minor Penalty to Matthew Corrente for Roughing.
16:39 of 1st period - Daniel Briere wins face-off versus William Karlsson in Rampage zone.
18:02 of 1st period - Wrist shot by Luke Gazdic.
18:02 of 1st period - Shot Blocked by Ladislav Smid.
18:12 of 1st period - Tom Kostopoulos is hit by Michal Rozsival and loses puck.
18:38 of 1st period - Penalty to Matthew Corrente is over, Matthew Corrente is back on ice.
19:05 of 1st period - Joe Morrow is hit by Tanner Richard and loses puck.
19:35 of 1st period - Benn Ferriero is hit by Matej Stransky and loses puck.
Goals for this period are 0 for Rampage vs 0 for Reign.
Shots for this period are 9 for Rampage vs 8 for Reign.

2nd period


0:01 of 2nd period - William Karlsson wins face-off versus Tanner Richard in neutral zone.
0:10 of 2nd period - Wrist shot by Liam O'Brien.
0:10 of 2nd period - Shot Misses the Net.
0:12 of 2nd period - Slapshot by Michal Rozsival.
0:12 of 2nd period - Stopped by Troy Grosenick without a rebound.
0:13 of 2nd period - Tanner Richard wins face-off versus William Karlsson in Reign zone.
1:13 of 2nd period - Nathan Paetsch is hit by Ladislav Smid and loses puck.
1:26 of 2nd period - Off-side.
1:27 of 2nd period - Cody Beach wins face-off versus Liam O'Brien in neutral zone.
1:35 of 2nd period - Off-side.
1:36 of 2nd period - C.J. Stretch wins face-off versus Liam O'Brien in neutral zone.
2:01 of 2nd period - Keaton Ellerby is hit by Cody Beach and loses puck.
2:31 of 2nd period - Christian Thomas is hit by Jason Jaffray and loses puck.
2:54 of 2nd period - Slapshot by Justin Falk.
2:54 of 2nd period - Deflect By Brett Olson.
2:54 of 2nd period - Shot Misses the Net.
2:54 of 2nd period - Puck is out of play.
2:55 of 2nd period - William Karlsson wins face-off versus Tanner Richard in Rampage zone.
3:18 of 2nd period - Wrist shot by William Karlsson.
3:18 of 2nd period - Shot Blocked by Michal Rozsival.
3:28 of 2nd period - Snap shot by Luke Gazdic.
3:28 of 2nd period - Shot Misses the Net.
3:30 of 2nd period - Wrist shot by Tom Kostopoulos.
3:30 of 2nd period - Shot Misses the Net.
5:42 of 2nd period - Slapshot by Nathan Paetsch.
5:42 of 2nd period - Shot Misses the Net.
5:56 of 2nd period - William Karlsson is hit by Brett Hextall and loses puck.
6:21 of 2nd period - Keaton Ellerby is hit by Jason Jaffray and loses puck.
8:35 of 2nd period - Jordan Szwarz is hit by Brian McGrattan and loses puck.
9:02 of 2nd period - William Karlsson is hit by Tomas Kundratek and loses puck.
10:37 of 2nd period - Brett Olson is hit by Connor Brickley and loses puck.
10:44 of 2nd period - Slapshot by Connor Brickley.
10:44 of 2nd period - Stopped by Troy Grosenick with a rebound.
10:46 of 2nd period - Slapshot by Keaton Ellerby.
10:46 of 2nd period - Stopped by Troy Grosenick with a rebound.
10:58 of 2nd period - Brett Olson is hit by Matthew Corrente and loses puck.
11:36 of 2nd period - Taylor Peters is hit by Tomas Kundratek and loses puck.
12:19 of 2nd period - Slapshot by Joe Morrow.
12:19 of 2nd period - Shot Blocked by Andrew Cherniwchan.
12:21 of 2nd period - Snap shot by Justin Falk.
12:21 of 2nd period - Stopped by Pheonix Copley with a rebound.
12:23 of 2nd period - Snap shot by Luke Gazdic.
12:23 of 2nd period - Shot Hit the Post.
12:25 of 2nd period - Slapshot by Taylor Doherty.
12:25 of 2nd period - Stopped by Pheonix Copley with a rebound.
12:27 of 2nd period - Slapshot by Davis Drewiske.
12:27 of 2nd period - Stopped by Pheonix Copley with a rebound.
12:29 of 2nd period - Slapshot by Luke Gazdic.
12:29 of 2nd period - Stopped by Pheonix Copley with a rebound.
12:31 of 2nd period - Slapshot by Tom Kostopoulos.
12:31 of 2nd period - Stopped by Pheonix Copley with a rebound.
12:33 of 2nd period - Snap shot by Luke Gazdic.
12:33 of 2nd period - Stopped by Pheonix Copley without a rebound.
12:34 of 2nd period - C.J. Stretch wins face-off versus Connor Brickley in Rampage zone.
12:35 of 2nd period - Wrist shot by Cody Beach.
12:35 of 2nd period - Shot Misses the Net.
13:12 of 2nd period - Snap shot by Joe Morrow.
13:12 of 2nd period - Shot Blocked by Matthew Corrente.
13:14 of 2nd period - Wrist shot by Joe Morrow.
13:14 of 2nd period - Stopped by Pheonix Copley with a rebound.
13:16 of 2nd period - Wrist shot by William Karlsson.
13:16 of 2nd period - Shot Blocked by Christian Thomas.
13:18 of 2nd period - Backhand shot by Justin Falk.
13:18 of 2nd period - Stopped by Pheonix Copley with a rebound.
13:20 of 2nd period - Slapshot by Joe Morrow.
13:20 of 2nd period - Stopped by Pheonix Copley without a rebound.
13:21 of 2nd period - Taylor Peters wins face-off versus Tanner Richard in Rampage zone.
15:34 of 2nd period - Off-side.
15:35 of 2nd period - William Karlsson wins face-off versus Connor Brickley in neutral zone.
15:50 of 2nd period - Bryan Rust is hit by Brian McGrattan and loses puck.
16:23 of 2nd period - Snap shot by Taylor Beck.
16:23 of 2nd period - Shot Misses the Net.
16:54 of 2nd period - Tom Kostopoulos is hit by Tanner Richard and loses puck.
17:12 of 2nd period - Brett Olson is hit by Tomas Kundratek and loses puck.
17:17 of 2nd period - Snap shot by Christian Thomas.
17:17 of 2nd period - Shot Hit the Post.
17:19 of 2nd period - Wrist shot by Taylor Beck.
17:19 of 2nd period - Shot Blocked by Brian McGrattan.
18:42 of 2nd period - Tomas Kundratek is hit by Matej Stransky.
19:27 of 2nd period - Snap shot by Jason Jaffray.
19:27 of 2nd period - Deflect By Brian McGrattan.
19:27 of 2nd period - Stopped by Pheonix Copley with a rebound.
19:55 of 2nd period - Wrist shot by Christian Thomas.
19:55 of 2nd period - Stopped by Troy Grosenick with a rebound.
19:57 of 2nd period - Snap shot by Ladislav Smid.
19:57 of 2nd period - Deflect By Christian Thomas.
19:57 of 2nd period - Shot Misses the Net.
19:57 of 2nd period - Puck is out of play.
19:58 of 2nd period - Taylor Peters wins face-off versus Daniel Briere in Reign zone.
Goals for this period are 0 for Rampage vs 0 for Reign.
Shots for this period are 4 for Rampage vs 10 for Reign.

3rd period


0:01 of 3rd period - William Karlsson wins face-off versus Daniel Briere in neutral zone.
0:09 of 3rd period - Luke Gazdic and Christian Thomas fight to a draw.
0:09 of 3rd period - Penalty to Luke Gazdic for Fighting.
0:09 of 3rd period - Penalty to Christian Thomas for Fighting.
0:10 of 3rd period - Daniel Briere wins face-off versus William Karlsson in neutral zone.
0:15 of 3rd period - Snap shot by Michal Rozsival.
0:15 of 3rd period - Stopped by Troy Grosenick without a rebound.
0:16 of 3rd period - Daniel Briere wins face-off versus William Karlsson in Reign zone.
0:26 of 3rd period - Brett Hextall beats up Tom Kostopoulos.
0:26 of 3rd period - Penalty to Tom Kostopoulos for Fighting.
0:26 of 3rd period - Penalty to Brett Hextall for Fighting.
0:26 of 3rd period - Penalty to Brett Hextall for instigated a fight.
0:26 of 3rd period - Penalty to Brett Hextall for instigated a fight.
0:27 of 3rd period - William Karlsson wins face-off versus Daniel Briere in neutral zone.
0:50 of 3rd period - Snap shot by Taylor Beck.
0:50 of 3rd period - Shot Misses the Net.
0:52 of 3rd period - Slapshot by Ladislav Smid.
0:52 of 3rd period - Goal by Ladislav Smid - Rampage : 1 - Reign : 0.
0:53 of 3rd period - Daniel Briere wins face-off versus William Karlsson in neutral zone.
1:04 of 3rd period - Justin Falk is hit by Michal Rozsival and loses puck.
1:21 of 3rd period - Wrist shot by William Karlsson.
1:21 of 3rd period - Goal by William Karlsson - Rampage : 1 - Reign : 1.
1:22 of 3rd period - Tanner Richard wins face-off versus Brett Olson in neutral zone.
1:30 of 3rd period - Ladislav Smid is hit by Justin Falk and loses puck.
2:23 of 3rd period - Matej Stransky is hit by Taylor Beck.
2:27 of 3rd period - Snap shot by William Karlsson.
2:27 of 3rd period - Shot Blocked by Michal Rozsival.
2:54 of 3rd period - Keaton Ellerby beats up Davis Drewiske.
2:54 of 3rd period - Penalty to Davis Drewiske for Fighting.
2:54 of 3rd period - Penalty to Keaton Ellerby for Fighting.
2:55 of 3rd period - William Karlsson wins face-off versus Daniel Briere in neutral zone.
3:31 of 3rd period - Wrist shot by Liam O'Brien.
3:31 of 3rd period - Stopped by Troy Grosenick with a rebound.
3:37 of 3rd period - Slapshot by Joe Morrow.
3:37 of 3rd period - Stopped by Pheonix Copley with a rebound.
3:45 of 3rd period - Matthew Corrente is hit by Joe Morrow and loses puck.
4:04 of 3rd period - Derek Forbort is hit by Bryan Rust and loses puck.
4:28 of 3rd period - Wrist shot by Derek Forbort.
4:28 of 3rd period - Shot Misses the Net.
4:34 of 3rd period - Slapshot by Brian McGrattan.
4:34 of 3rd period - Stopped by Pheonix Copley with a rebound.
4:36 of 3rd period - Slapshot by Brian McGrattan.
4:36 of 3rd period - Stopped by Pheonix Copley with a rebound.
5:44 of 3rd period - Snap shot by Joe Morrow.
5:44 of 3rd period - Stopped by Pheonix Copley with a rebound.
5:46 of 3rd period - Slapshot by Justin Falk.
5:46 of 3rd period - Stopped by Pheonix Copley with a rebound.
6:10 of 3rd period - Slapshot by C.J. Stretch.
6:10 of 3rd period - Shot Blocked by Ladislav Smid.
6:18 of 3rd period - Snap shot by Christian Thomas.
6:18 of 3rd period - Shot Misses the Net.
6:20 of 3rd period - Snap shot by Daniel Briere.
6:20 of 3rd period - Shot Hit the Post.
6:22 of 3rd period - Wrist shot by Taylor Beck.
6:22 of 3rd period - Shot Blocked by Derek Forbort.
6:24 of 3rd period - Backhand shot by Michal Rozsival.
6:24 of 3rd period - Deflect By C.J. Stretch.
6:24 of 3rd period - Stopped by Troy Grosenick without a rebound.
6:25 of 3rd period - Andrew Cherniwchan wins face-off versus Taylor Peters in Reign zone.
6:40 of 3rd period - Snap shot by Daniel Briere.
6:40 of 3rd period - Stopped by Troy Grosenick with a rebound.
6:54 of 3rd period - Slapshot by Ladislav Smid.
6:54 of 3rd period - Deflect By Andrew Cherniwchan.
6:54 of 3rd period - Shot Blocked by Nathan Paetsch.
6:54 of 3rd period - Puck is out of play.
6:55 of 3rd period - Daniel Briere wins face-off versus Brett Olson in Reign zone.
6:58 of 3rd period - Snap shot by Christian Thomas.
6:58 of 3rd period - Shot Blocked by Justin Falk.
7:26 of 3rd period - Benn Ferriero is hit by Justin Falk and loses puck.
7:55 of 3rd period - Wrist shot by Taylor Beck.
7:55 of 3rd period - Stopped by Troy Grosenick without a rebound.
7:56 of 3rd period - William Karlsson wins face-off versus Jordan Szwarz in Reign zone.
8:15 of 3rd period - Luke Gazdic is hit by Joel Chouinard and loses puck.
9:23 of 3rd period - Slapshot by Michal Rozsival.
9:23 of 3rd period - Deflect By Joe Morrow.
9:23 of 3rd period - Stopped by Troy Grosenick with a rebound.
9:27 of 3rd period - Wrist shot by Taylor Beck.
9:27 of 3rd period - Stopped by Troy Grosenick with a rebound.
10:03 of 3rd period - Wrist shot by Daniel Briere.
10:03 of 3rd period - Stopped by Troy Grosenick with a rebound.
10:05 of 3rd period - Backhand shot by Tomas Kundratek.
10:05 of 3rd period - Deflect By Christian Thomas.
10:05 of 3rd period - Stopped by Troy Grosenick with a rebound.
10:09 of 3rd period - Wrist shot by Daniel Briere.
10:09 of 3rd period - Shot Misses the Net.
10:11 of 3rd period - Slapshot by Tomas Kundratek.
10:11 of 3rd period - Deflect By Nathan Paetsch.
10:11 of 3rd period - Stopped by Troy Grosenick with a rebound.
11:31 of 3rd period - Slapshot by William Karlsson.
11:31 of 3rd period - Shot Misses the Net.
11:33 of 3rd period - Snap shot by Joe Morrow.
11:33 of 3rd period - Stopped by Pheonix Copley with a rebound.
11:35 of 3rd period - Wrist shot by William Karlsson.
11:35 of 3rd period - Shot Misses the Net.
12:44 of 3rd period - Penalty Shot by Joe Morrow for Reign.
12:44 of 3rd period - Wrist shot by Joe Morrow.
12:44 of 3rd period - Stopped by Pheonix Copley.
12:45 of 3rd period - Daniel Briere wins face-off versus Brett Olson in Reign zone.
13:00 of 3rd period - Minor Penalty to Connor Brickley for Slashing.
13:01 of 3rd period - Brett Olson wins face-off versus Daniel Briere in Rampage zone.
13:15 of 3rd period - Snap shot by Tanner Richard.
13:15 of 3rd period - Stopped by Troy Grosenick with a rebound.
13:17 of 3rd period - Wrist shot by Tanner Richard.
13:17 of 3rd period - Shot Misses the Net.
13:19 of 3rd period - Slapshot by Keaton Ellerby.
13:19 of 3rd period - Stopped by Troy Grosenick with a rebound.
13:21 of 3rd period - Slapshot by Matthew Corrente.
13:21 of 3rd period - Shot Misses the Net.
13:23 of 3rd period - Snap shot by Tanner Richard.
13:23 of 3rd period - Shot Misses the Net.
13:45 of 3rd period - Wrist shot by Bryan Rust.
13:45 of 3rd period - Shot Misses the Net.
14:07 of 3rd period - Snap shot by Liam O'Brien.
14:07 of 3rd period - Shot Blocked by Derek Forbort.
14:51 of 3rd period - Slapshot by Joe Morrow.
14:51 of 3rd period - Deflect By Luke Gazdic.
14:51 of 3rd period - Shot Misses the Net.
14:51 of 3rd period - Puck is out of play.
14:52 of 3rd period - Tom Kostopoulos wins face-off versus Tanner Richard in Rampage zone.
15:00 of 3rd period - Penalty to Connor Brickley is over, Connor Brickley is back on ice.
15:26 of 3rd period - 10 Minutes Misconduct Penalty to Brett Hextall is over.
16:17 of 3rd period - Snap shot by Jordan Szwarz.
16:17 of 3rd period - Shot Misses the Net.
17:26 of 3rd period - Slapshot by Taylor Doherty.
17:26 of 3rd period - Stopped by Pheonix Copley with a rebound.
17:28 of 3rd period - Snap shot by Luke Gazdic.
17:28 of 3rd period - Stopped by Pheonix Copley with a rebound.
17:30 of 3rd period - Snap shot by Luke Gazdic.
17:30 of 3rd period - Shot Misses the Net.
17:32 of 3rd period - Wrist shot by Taylor Doherty.
17:32 of 3rd period - Stopped by Pheonix Copley without a rebound.
17:33 of 3rd period - Tanner Richard wins face-off versus William Karlsson in Rampage zone.
17:33 of 3rd period - Tanner Richard is hit by Taylor Doherty.
18:07 of 3rd period - Snap shot by Cody Beach.
18:07 of 3rd period - Stopped by Pheonix Copley with a rebound.
18:09 of 3rd period - Wrist shot by Matej Stransky.
18:09 of 3rd period - Stopped by Pheonix Copley with a rebound.
18:11 of 3rd period - Snap shot by Nathan Paetsch.
18:11 of 3rd period - Stopped by Pheonix Copley with a rebound.
18:13 of 3rd period - Slapshot by Matej Stransky.
18:13 of 3rd period - Shot Misses the Net.
18:15 of 3rd period - Slapshot by Derek Forbort.
18:15 of 3rd period - Shot Blocked by Ladislav Smid.
18:17 of 3rd period - Slapshot by Derek Forbort.
18:17 of 3rd period - Deflect By C.J. Stretch.
18:17 of 3rd period - Stopped by Pheonix Copley with a rebound.
18:19 of 3rd period - Slapshot by Matej Stransky.
18:19 of 3rd period - Shot Misses the Net.
18:25 of 3rd period - Minor Penalty to Ladislav Smid for Slashing.
18:26 of 3rd period - Daniel Briere wins face-off versus Brett Olson in Rampage zone.
18:26 of 3rd period - Daniel Briere is hit by Brett Olson.
18:45 of 3rd period - Snap shot by Jason Jaffray.
18:45 of 3rd period - Shot Misses the Net.
18:47 of 3rd period - Slapshot by Justin Falk.
18:47 of 3rd period - Shot Misses the Net.
19:09 of 3rd period - Matthew Corrente is hit by Tom Kostopoulos and loses puck.
19:26 of 3rd period - Taylor Beck is hit by Brian McGrattan and loses puck.
Goals for this period are 1 for Rampage vs 1 for Reign.
Shots for this period are 13 for Rampage vs 14 for Reign.

Overtime #1


0:01 of 1st overtime period - William Karlsson wins face-off versus Daniel Briere in neutral zone.
0:04 of 1st overtime period - Slapshot by Joe Morrow.
0:04 of 1st overtime period - Shot Blocked by Daniel Briere.
0:06 of 1st overtime period - Snap shot by Joe Morrow.
0:06 of 1st overtime period - Shot Misses the Net.
0:25 of 1st overtime period - Penalty to Ladislav Smid is over, Ladislav Smid is back on ice.
0:50 of 1st overtime period - Snap shot by Tom Kostopoulos.
0:50 of 1st overtime period - Stopped by Pheonix Copley with a rebound.
1:18 of 1st overtime period - Snap shot by Daniel Briere.
1:18 of 1st overtime period - Stopped by Troy Grosenick with a rebound.
1:37 of 1st overtime period - Slapshot by Derek Forbort.
1:37 of 1st overtime period - Stopped by Pheonix Copley with a rebound.
2:33 of 1st overtime period - Michal Rozsival is hit by Joe Morrow and loses puck.
4:07 of 1st overtime period - Snap shot by Bryan Rust.
4:07 of 1st overtime period - Stopped by Troy Grosenick with a rebound.
4:13 of 1st overtime period - Slapshot by Michal Rozsival.
4:13 of 1st overtime period - Shot Blocked by Joe Morrow.
Goals for this period are 0 for Rampage vs 0 for Reign.
Shots for this period are 2 for Rampage vs 2 for Reign.

ShootOut


5:00 of 1st overtime period - Penalty Shot by Daniel Briere for Rampage.
5:00 of 1st overtime period - Deke by Daniel Briere.
5:00 of 1st overtime period - Stopped by Troy Grosenick.
5:00 of 1st overtime period - Penalty Shot by William Karlsson for Reign.
5:00 of 1st overtime period - Backhand shot by William Karlsson.
5:00 of 1st overtime period - Stopped by Pheonix Copley.
5:00 of 1st overtime period - Penalty Shot by Taylor Beck for Rampage.
5:00 of 1st overtime period - Wrist shot by Taylor Beck.
5:00 of 1st overtime period - Stopped by Troy Grosenick.
5:00 of 1st overtime period - Penalty Shot by Tom Kostopoulos for Reign.
5:00 of 1st overtime period - Snap shot by Tom Kostopoulos.
5:00 of 1st overtime period - Stopped by Pheonix Copley.
5:00 of 1st overtime period - Penalty Shot by Christian Thomas for Rampage.
5:00 of 1st overtime period - Wrist shot by Christian Thomas.
5:00 of 1st overtime period - Stopped by Troy Grosenick.
5:00 of 1st overtime period - Penalty Shot by Luke Gazdic for Reign.
5:00 of 1st overtime period - Backhand shot by Luke Gazdic.
5:00 of 1st overtime period - Stopped by Pheonix Copley.
5:00 of 1st overtime period - Penalty Shot by Bryan Rust for Rampage.
5:00 of 1st overtime period - Deke by Bryan Rust.
5:00 of 1st overtime period - Stopped by Troy Grosenick.
5:00 of 1st overtime period - Penalty Shot by Jason Jaffray for Reign.
5:00 of 1st overtime period - Wrist shot by Jason Jaffray.
5:00 of 1st overtime period - Stopped by Pheonix Copley.
5:00 of 1st overtime period - Penalty Shot by Liam O'Brien for Rampage.
5:00 of 1st overtime period - Snap shot by Liam O'Brien.
5:00 of 1st overtime period - Shot Misses the Net.
5:00 of 1st overtime period - Penalty Shot by Brian McGrattan for Reign.
5:00 of 1st overtime period - Wrist shot by Brian McGrattan.
5:00 of 1st overtime period - Stopped by Pheonix Copley.
5:00 of 1st overtime period - Penalty Shot by Connor Brickley for Rampage.
5:00 of 1st overtime period - Snap shot by Connor Brickley.
5:00 of 1st overtime period - Goal by Connor Brickley.
5:00 of 1st overtime period - Penalty Shot by Brett Olson for Reign.
5:00 of 1st overtime period - Deke by Brett Olson.
5:00 of 1st overtime period - Goal by Brett Olson.
5:00 of 1st overtime period - Penalty Shot by Jordan Szwarz for Rampage.
5:00 of 1st overtime period - Wrist shot by Jordan Szwarz.
5:00 of 1st overtime period - Stopped by Troy Grosenick.
5:00 of 1st overtime period - Penalty Shot by C.J. Stretch for Reign.
5:00 of 1st overtime period - Wrist shot by C.J. Stretch.
5:00 of 1st overtime period - Goal by C.J. Stretch.